 Dungeon Crawl Stone Soup version 0.30-a0-860-g512cf1e979 (webtiles) character file.

Game seed: 17947698488604202160

23695 qeuew the Jinx (level 12, -3/51 HPs)
             Began as a Spriggan Enchanter on Mar 7, 2023.
             Was a High Priest of Nemelex Xobeh.
             Slain by an elephant (10 damage)
             ... on level 2 of the Lair of Beasts.
             The game lasted 00:29:42 (12111 turns).

qeuew the Jinx (Spriggan Enchanter)                Turns: 12111, Time: 00:29:43

Health: -3/51      AC:  8    Str:  3    XL:     12   Next: 74%
Magic:  9/25       EV: 28    Int: 23    God:    Nemelex Xobeh [*****.]
Gold:   917        SH:  5    Dex: 29    Spells: 14/28 levels left

rFire   . . .      SeeInvis +    f - +1 dagger (venom)
rCold   + . .      Faith    .    (no shield)
rNeg    . . .      Spirit   .    E - +0 steam dragon scales
rPois   .          Reflect  +    (helmet restricted)
rElec   .          Rampage  .    q - +2 cloak {rCorr}
rCorr   +                        (gloves unavailable)
Will    ++...                    (boots unavailable)
Stlth   ++++++                   u - amulet of reflection
HPRegen 0.00/turn                B - +6 ring of intelligence
MPRegen 0.19/turn                J - +6 ring of dexterity

@: inhibited regen, unable to read, very quick
A: very small, no large weapons, unfitting armour, see invisible, speed 3, agile
1, cold resistance 1, inhibited regeneration, inability to read after injury 1
a: Renounce Religion, Draw Escape, Draw Destruction, Draw Summoning, Triple
Draw, Deal Four, Stack Five


You were on level 2 of the Lair of Beasts.
You worshipped Nemelex Xobeh.
Nemelex Xobeh was extremely pleased with you.
You visited 2 branches of the dungeon, and saw 11 of its levels.
You also visited: Bailey and Gauntlet.

You collected 917 gold pieces.

Inventory:

Hand Weapons
 a - a +1 dagger
 f - a +1 dagger of venom (weapon)
Missiles
 g - 17 poisoned darts
 l - 4 atropa-tipped darts
 v - 2 throwing nets
Armour
 q - a +2 cloak of preservation (worn)
 E - +0 steam dragon scales (worn)
Jewellery
 u - an amulet of reflection (around neck)
 B - a +6 ring of intelligence (left hand)
 J - a +6 ring of dexterity (right hand)
Wands
 b - a wand of flame (2)
 p - a wand of quicksilver (15)
 A - a wand of charming (12)
 D - a wand of mindburst (18)
 H - a wand of roots (5)
Scrolls
 d - 5 scrolls of amnesia
 h - 10 scrolls of teleportation
 i - a scroll of magic mapping
 j - 2 scrolls of enchant weapon
 m - a scroll of fog
 C - a scroll of fear
 K - 3 scrolls of identify
Potions
 c - 2 potions of invisibility
 e - 2 potions of heal wounds
 k - 2 potions of haste
 n - 4 potions of resistance
 o - 3 potions of curing
 s - a potion of berserk rage
 w - a potion of magic
 x - 2 potions of might


   Skills:
 * Level 10.6 Short Blades
 + Level 6.5 Throwing
 + Level 9.3 Dodging
 + Level 11.3 Stealth
 + Level 8.6 Spellcasting
 * Level 12.1 Hexes
 + Level 8.9 Translocations
 + Level 6.1 Invocations
 + Level 8.1 Evocations


You had 14 spell levels left.
You knew the following spells:

 Your Spells              Type           Power      Damage    Failure   Level
a - Ensorcelled Hibernat  Hex/Ice        76%        N/A       1%          2
b - Tukima's Dance        Hex            60%        N/A       1%          3
c - Blink                 Tloc           100%       N/A       1%          2
d - Dazzling Flash        Conj/Hex       76%        N/A       1%          3
e - Manifold Assault      Tloc           50%        N/A       1%          4

Your spell library contained the following spells:

 Spells                   Type           Power      Damage    Failure   Level
 Lesser Beckoning         Tloc           100%       N/A       1%          2
 Confusing Touch          Hex            60%        N/A       1%          3
 Gell's Gravitas          Tloc           50%        N/A       1%          3
 Portal Projectile        Hex/Tloc       100%       N/A       1%          3
 Teleport Other           Tloc           50%        N/A       1%          3
 Leda's Liquefaction      Hex/Erth       19%        N/A       5%          4
 Shock                    Conj/Air       36%        1d5       6%          1
 Cigotuvi's Dreadful Rot  Necr/Pois/Air  18%        N/A       10%         2
 Poisonous Vapours        Pois/Air       18%        N/A       10%         2
 Scorch                   Fire           18%        2d5       10%         2
 Call Canine Familiar     Summ           9%         N/A       19%         3
 Mephitic Cloud           Conj/Pois/Air  9%         N/A       19%         3
 Swiftness                Air            9%         N/A       19%         3
 Dispersal                Tloc           25%        N/A       26%         6
 Airstrike                Air            4%         2d(1-17)  54%         4
 Flame Wave               Conj/Fire      9%         2d6       54%         4
 Alistair's Intoxication  Tmut/Pois      6%         N/A       87%         5
 Borgnjor's Vile Clutch   Necr/Erth      4%         N/A       87%         5
 Eringya's Noxious Bog    Tmut/Pois      4%         N/A       100%        6
 Summon Cactus Giant      Summ           4%         N/A       100%        6
 Storm Form               Tmut/Air       4%         N/A       100%        7


Dungeon Overview and Level Annotations

Branches:
Dungeon (8/15)             Temple (0/1) D:5            Lair (3/5) D:8
  Swamp (0/4) Lair:2       Spider (0/4) Lair:2       Bailey (visited)
Gauntlet (visited)

Altars:
Cheibriados
Fedhas
Gozag
Nemelex Xobeh

Shops:
D:8 *

Annotations:
D:4 exclusion: oklob plant
Lair:3 Nessos


Innate Abilities, Weirdness & Mutations

You are very small and have problems with some larger weapons.
You are too small for most types of armour.
You have supernaturally acute eyesight. (SInv)
You cover ground extremely quickly. (Speed+++)
You are agile. (Dex +4, Str/Int -1)
Your flesh is cold resistant. (rC+)
You do not regenerate when monsters are visible.
You occasionally lose the ability to read scrolls when taking damage.


Message History

Throw: 20 darts (poison)
Press: ? - help, Q - select action, (/) - cycle Shift-Dir - straight line, f - elephant
Aim: an elephant (very poisoned, 91% to hit)
You throw a poisoned dart. The poisoned dart hits the elephant.
The elephant looks even sicker.
Unknown command.
Throw: 19 darts (poison)
Press: ? - help, Q - select action, (/) - cycle Shift-Dir - straight line, f/p - elephant
Aim: an elephant (very poisoned, 91% to hit)
You throw a poisoned dart. The poisoned dart hits the elephant!
The elephant looks as sick as possible!
Unknown command.
Throw: 18 darts (poison)
Press: ? - help, Q - select action, (/) - cycle Shift-Dir - straight line, f/p - elephant
Aim: an elephant (lightly wounded, extremely poisoned, 91% to hit)
You throw a poisoned dart. The poisoned dart hits the elephant!
The elephant looks as sick as possible!
The elephant is lightly wounded.
You are too injured to fight recklessly!
Unknown command.
Casting: Dazzling Flash (safe; 1% risk of failure)
Press: ? - help, Q - select action, (/) - cycle Dir - look around, f - activate
Okay, then.
Casting: Dazzling Flash (safe; 1% risk of failure)
Press: ? - help, Q - select action, (/) - cycle Dir - look around, f - activate The elephant is dazzled. x2
The elephant barely misses you. The elephant closely misses you.
Unknown command.
You hit the elephant.
The elephant looks as sick as possible!
The elephant is heavily wounded.
You hit the elephant.
The elephant looks as sick as possible!
The elephant is heavily wounded.
The elephant barely misses you. The elephant completely misses you.
Casting: Dazzling Flash (safe; 1% risk of failure)
Press: ? - help, Q - select action, (/) - cycle Dir - look around, f - activate The elephant is dazzled. x2
The elephant tramples you!
You feel threatened and lose the ability to read scrolls!
You die...
Your body glows with a rainbow of weird colours and disappears.

.....(...............#######...##
#.....P..#P††##...(..##.#..P...##
##)...#..###.#.....(##...+.....##
##...........##....(......##...P.
##....#......##......#....##.....
##.....#......#..^...###.###...#.
#.....#....##......###### #...##
##....~~....P#..YY..#.P.####....#
#....~~~~~~.....@Y...............
....~~~≈~≈~~.....................
...~~≈~~~~≈≈~....................
....≈≈≈~~~~~≈~...................
...~≈≈~.>.≈≈~....................
....~≈~~.~≈≈≈.........#..#.......
....~≈≈≈~≈≈≈~~#....#.#.###......#
....~≈≈≈≈≈≈≈~...........##.....#.
.....~~~~~~~.#.....##...##.....#.


You could see 3 elephants.

Vanquished Creatures
  An orc warlord (Bailey)
  A minotaur (Gauntlet)
  A great orb of eyes (Gauntlet)
  A hydra (Lair:2)
  4 death yaks (Lair:2)
  An ugly thing (Gauntlet)
  2 elephants (Lair:2)
  An unseen horror (D:8)
  3 komodo dragons
  A hornet (Lair:2)
  4 blink frogs (Lair:1)
  9 flying skulls (Gauntlet)
  Sigmund (D:2)
  2 wyverns
  26 yaks
  3 basilisks
  3 steam dragons (D:8)
  7 water moccasins
  An ice beast (D:7)
  13 orc warriors
  2 sky beasts
  4 ogres
  7 wolves
  3 centaurs
  9 bullfrogs
  2 scorpions
  9 wights
  3 killer bees (D:5)
  A howler monkey (D:6)
  A lava snake (D:8)
  A jelly (D:8)
  An orc priest (D:4)
  A hound (D:6)
  A gnoll bouda (D:6)
  Terence (D:2)
  4 iguanas
  A mummy (D:8)
  Robin (D:2)
  18 gnolls
  6 adders
  3 white imps (D:5)
  An ufetubus (D:4)
  A worm (D:4)
  3 dart slugs
  23 orcs
  7 bats
  8 endoplasms
  5 giant cockroaches
  30 goblins
  20 hobgoblins
  2 jackals (D:4)
  4 kobolds
  3 quokkas (D:3)
  5 ball pythons
  5 frilled lizards
  2 hobgoblin zombies (D:8)
  A kobold zombie (D:8)
  An orc zombie (D:8)
  2 rats
287 creatures vanquished.

Vanquished Creatures (collateral kills)
  8 wights
  An orc (D:7)
9 creatures vanquished.

Vanquished Creatures (others)
  2 dancing weapons
  20 demonic plants (Gauntlet)
  7 fungi
  12 plants
  17 toadstools (D:4)
  2 withered plants (Gauntlet)
60 creatures vanquished.

Grand Total: 356 creatures vanquished

Notes
Turn   | Place    | Note
-------+----------+-------------------------------------------
     0 | D:1      | qeuew the Spriggan Enchanter began the quest for the Orb.
     0 | D:1      | Reached XP level 1. HP: 9/9 MP: 5/5
   170 | D:1      | Reached XP level 2. HP: 10/13 MP: 6/6
   207 | D:1      | Reached skill level 4 in Hexes
   651 | D:1      | Gained mutation: You are frail. (-10% HP) [potion of
                  | mutation]
   651 | D:1      | Gained mutation: Your skin changes colour to match your
                  | surroundings (Stealth+). [potion of mutation]
   651 | D:1      | Gained mutation: You have a pair of small horns on your
                  | head. [potion of mutation]
   682 | D:2      | Learned a level 2 spell: Ensorcelled Hibernation
   709 | D:2      | Reached XP level 3. HP: 14/14 MP: 8/8
   723 | D:2      | Noticed Terence
   735 | D:2      | Killed Terence
   947 | D:2      | Noticed Sigmund
   954 | D:2      | Killed Sigmund
   955 | D:2      | Reached skill level 5 in Stealth
   955 | D:2      | Reached skill level 5 in Hexes
   955 | D:2      | Reached XP level 4. HP: 18/18 MP: 8/10
   955 | D:2      | Reached XP level 5. HP: 21/21 MP: 8/11
  1182 | D:2      | Found a faded altar of an unknown god.
  1330 | D:2      | Noticed Robin
  1483 | D:2      | HP: 1/21 [Robin/+0 spear (4)]
  1602 | D:2      | Killed Robin
  1949 | D:3      | Reached XP level 6. HP: 25/25 MP: 12/12
  2209 | D:3      | Identified the +7 quarterstaff of Slime {spect, *Rage
                  | +Blink rC++ Str+3}
  2812 | D:4      | Reached skill level 1 in Throwing
  2956 | D:4      | Reached skill level 6 in Hexes
  3090 | D:4      | Reached skill level 1 in Evocations
  3110 | D:4      | Found a sparkling altar of Nemelex Xobeh.
  3115 | D:4      | Became a worshipper of Nemelex Xobeh the Trickster
  3120 | D:4      | Learned a level 3 spell: Tukima's Dance
  3205 | D:4      | Found a blossoming altar of Fedhas.
  3209 | D:4      | Learned a level 2 spell: Blink
  3232 | D:4      | Noticed an oklob plant
  3325 | D:5      | Entered Level 5 of the Dungeon
  3354 | D:5      | Reached XP level 7. HP: 25/28 MP: 14/14
  3506 | D:5      | Found a staircase to the Ecumenical Temple.
  3561 | D:5      | Reached skill level 1 in Translocations
  3776 | D:5      | Reached skill level 1 in Invocations
  3910 | D:5      | Reached * piety under Nemelex Xobeh
  3910 | D:5      | Received a gift from Nemelex Xobeh
  4400 | D:5      | Lost mutation: Your skin changes colour to match your
                  | surroundings (Stealth+). [potion of mutation]
  4400 | D:5      | Lost mutation: You are frail. (-10% HP) [potion of
                  | mutation]
  4400 | D:5      | Lost mutation: You have a pair of small horns on your head.
                  | [potion of mutation]
  4400 | D:5      | Gained mutation: You have a pair of small antennae on your
                  | head. [potion of mutation]
  4400 | D:5      | Gained mutation: Armour fits poorly on your strangely
                  | shaped body. [potion of mutation]
  4400 | D:5      | Gained mutation: Your spells are a little harder to cast,
                  | but a little more powerful. [potion of mutation]
  4463 | D:6      | Reached skill level 5 in Short Blades
  4463 | D:6      | Reached XP level 8. HP: 36/36 MP: 15/15
  4478 | D:6      | Reached skill level 5 in Dodging
  4644 | D:6      | Reached skill level 7 in Hexes
  5441 | D:7      | Found a flagged portal.
  5461 | Bailey   | Entered a bailey
  5461 | Bailey   | Reached ** piety under Nemelex Xobeh
  5623 | Bailey   | Reached skill level 5 in Spellcasting
  5764 | Bailey   | Reached XP level 9. HP: 36/39 MP: 10/17
  6130 | Bailey   | Noticed an orc warlord
  6142 | Bailey   | Reached skill level 8 in Hexes
  6181 | Bailey   | Killed an orc warlord
  6449 | D:7      | Reached skill level 10 in Hexes
  6449 | D:7      | Reached XP level 10. HP: 44/44 MP: 18/21
  6973 | D:7      | Reached XP level 11. HP: 47/47 MP: 22/22
  7123 | D:7      | Lost mutation: Your spells are a little harder to cast, but
                  | a little more powerful. [potion of mutation]
  7123 | D:7      | Lost mutation: Armour fits poorly on your strangely shaped
                  | body. [potion of mutation]
  7123 | D:7      | Gained mutation: You sometimes lose your temper in combat.
                  | [potion of mutation]
  7123 | D:7      | Gained mutation: You have hidden genetic potential. [potion
                  | of mutation]
  7123 | D:7      | Gained mutation: Your spells are a little harder to cast,
                  | but a little more powerful. [potion of mutation]
  7180 | D:8      | Found Xaoninaz's General Store.
  7312 | D:8      | Reached skill level 5 in Throwing
  7443 | D:8      | Found a snail-covered altar of Cheibriados.
  7771 | D:8      | Reached *** piety under Nemelex Xobeh
  7821 | D:8      | Found a staircase to the Lair.
  7961 | D:8      | Received a gift from Nemelex Xobeh
  8034 | D:8      | Found an opulent altar of Gozag.
  8302 | D:8      | Learned a level 3 spell: Dazzling Flash
  8307 | D:8      | Learned a level 4 spell: Manifold Assault
  8400 | Lair:1   | Entered Level 1 of the Lair of Beasts
  8426 | Lair:1   | Found a gate leading to a gauntlet.
  8436 | Gauntlet | Entered a Gauntlet
  8436 | Gauntlet | Found a transporter.
  8447 | Gauntlet | Found a transporter.
  8465 | Gauntlet | Found a transporter.
  8513 | Gauntlet | Found a transporter.
  8528 | Gauntlet | Found a transporter.
  8559 | Gauntlet | Found a transporter.
  8559 | Gauntlet | Found a transporter.
  8561 | Gauntlet | Found a transporter.
  8564 | Gauntlet | Noticed a hell hog
  8589 | Gauntlet | Reached skill level 10 in Stealth
  8623 | Gauntlet | Reached skill level 5 in Invocations
  8656 | Gauntlet | Found a transporter.
  8662 | Gauntlet | Noticed a death scarab
  8672 | Gauntlet | Noticed a large abomination
  8681 | Gauntlet | Noticed a death scarab
  8685 | Gauntlet | Found a transporter.
  8803 | Gauntlet | Noticed a cyan ugly thing
  8805 | Gauntlet | Noticed a ghost crab
  8806 | Gauntlet | Noticed a great orb of eyes
  8807 | Gauntlet | Found a transporter.
  8863 | Gauntlet | Found a transporter.
  8863 | Gauntlet | Received a gift from Nemelex Xobeh
  8867 | Gauntlet | Killed a cyan ugly thing
  8872 | Gauntlet | Paralysed by a great orb of eyes for 3 turns
  8879 | Gauntlet | Killed a great orb of eyes
  8880 | Gauntlet | Reached skill level 11 in Hexes
  8890 | Gauntlet | Identified the ring "Huystreroa" {rC+ EV+5 Str+3 Int-5}
  8894 | Gauntlet | Found the +3 hat of Pondering {ponderous, Will+ MP+10
                  | Int+5}
  8894 | Gauntlet | Noticed a minotaur
  8894 | Gauntlet | Found a transporter.
  8946 | Gauntlet | Identified the -1 trident of Popular Demand {flame, rN+
                  | Will++}
  8980 | Gauntlet | Killed a minotaur
  9105 | Gauntlet | Found a transporter.
  9376 | Lair:1   | Reached XP level 12. HP: 44/51 MP: 24/24
  9450 | Lair:1   | Received a gift from Nemelex Xobeh
  9791 | Lair:1   | Reached **** piety under Nemelex Xobeh
  9923 | Lair:1   | Received a gift from Nemelex Xobeh
 10506 | Lair:2   | Received a gift from Nemelex Xobeh
 10546 | Lair:2   | Reached skill level 10 in Short Blades
 10606 | Lair:2   | Found a staircase to the Swamp.
 10607 | Lair:2   | Noticed a four-headed hydra
 10618 | Lair:2   | Killed a four-headed hydra
 10887 | Lair:2   | Lost mutation: Your spells are a little harder to cast, but
                  | a little more powerful. [potion of mutation]
 10887 | Lair:2   | Lost mutation: You have a pair of small antennae on your
                  | head. [potion of mutation]
 10887 | Lair:2   | Lost mutation: You have hidden genetic potential. [potion
                  | of mutation]
 10887 | Lair:2   | Gained mutation: Your spells are a little harder to cast,
                  | but a little more powerful. [potion of mutation]
 10887 | Lair:2   | Gained mutation: You are agile. (Dex +4, Str/Int -1)
                  | [potion of mutation]
 10887 | Lair:2   | Gained mutation: You occasionally lose the ability to read
                  | scrolls when taking damage. [potion of mutation]
 10887 | Lair:2   | Gained mutation: You have sharp fingernails. [potion of
                  | mutation]
 10888 | Lair:2   | Lost mutation: Your spells are a little harder to cast, but
                  | a little more powerful. [potion of mutation]
 10888 | Lair:2   | Lost mutation: You sometimes lose your temper in combat.
                  | [potion of mutation]
 10888 | Lair:2   | Lost mutation: You have sharp fingernails. [potion of
                  | mutation]
 10888 | Lair:2   | Gained mutation: You do not regenerate when monsters are
                  | visible. [potion of mutation]
 10888 | Lair:2   | Gained mutation: Your flesh is cold resistant. (rC+)
                  | [potion of mutation]
 11130 | Lair:2   | Found a hole to the Spider Nest.
 11168 | Lair:2   | Noticed a death yak
 11169 | Lair:2   | Noticed a death yak
 11169 | Lair:2   | Noticed a death yak
 11171 | Lair:2   | Noticed a death yak
 11187 | Lair:2   | Received a gift from Nemelex Xobeh
 11338 | Lair:2   | Reached ***** piety under Nemelex Xobeh
 11654 | Lair:2   | Killed a death yak
 11658 | Lair:2   | Killed a death yak
 11658 | Lair:2   | Killed a death yak
 11659 | Lair:2   | Reached skill level 12 in Hexes
 11672 | Lair:2   | Killed a death yak
 11963 | Lair:3   | Noticed Nessos
 12111 | Lair:2   | Slain by an elephant

Illustrated notes

Levels and vault maps discovered:
D:1:      scummos_arrival_simple_fountains, layout_basic
D:2:      layout_basic, hellmonk_ecumenical_altar_pennies_from_heaven,
          uniq_terence, uniq_sigmund, uniq_robin
D:3:      wad_woods_settlement, layout_basic
D:4:      layout_loops_cross, tgw_fedhas, nemelex_diamond_rough_becter
D:5:      layout_basic, temple_pool_b
D:6:      layout_layer_cave
D:7:      layout_rooms, enter_ossuary_2, serial_curves, eino_curves_01,
          eino_curves_04, eino_curves_01, enter_bailey_7,
          grunt_decor_resistance, amcnicky_mini_rare_corridor_liquid
D:8:      layout_basic, kennysheep_slug_shrine, mainiacjoe_overflow_alcove_2,
          erik_lair_dragon, kennysheep_cross_room, minmay_shop_grid_forest,
          minmay_mini_ossuary
Lair:1:   layout_regular_city, gauntlet_entry_generic, grunt_megastairs_1
Lair:2:   layout_regular_city, minmay_swamp_entry_reptiles, dummy_spider_entry,
          beast_lair_carwin_9, infiniplex_staircase_pool_2
Lair:3:   layout_hall_layers, grunt_megastairs_2, uniq_nessos

Skill      XL: |  1  2  3  4  5  6  7  8  9 10 11 12 |
---------------+-------------------------------------+-----
Hexes          | 4 5 6 7 10 11 12 | 12.1
Dodging        | 3 4 5 7 8 9 |  9.3
Short Blades   | 3 4 5 6 8 9 10 | 10.6
Spellcasting   | 3 4 5 6 7 8 |  8.6
Stealth        | 5 6 7 9 10 11 | 11.3
Throwing       | 1 2 4 5 6 |  6.5
Evocations     | 1 2 3 6 7 8 |  8.1
Translocations | 2 3 6 7 8 |  8.9
Invocations    | 1 2 4 5 6 |  6.1

Action                     |  1- 3 |  4- 6 |  7- 9 | 10-12 || total
---------------------------+-------+-------+-------+-------++-------
  Melee: Dagger            |    74 |   169 |   312 |   642 ||  1197
         Headbutt          |     2 |    28 |    12 |       ||    42
         Punch             |       |     2 |     8 |    12 ||    22
  Throw: Dart              |       |       |     3 |     3 ||     6
   Cast: Ensorcelled Hiber |     2 |     5 |    43 |    45 ||    95
         Tukima's Dance    |       |       |     1 |     8 ||     9
         Manifold Assault  |       |       |       |     7 ||     7
         Dazzling Flash    |       |       |       |     2 ||     2
 Invoke: Draw Summoning    |       |       |       |     3 ||     3
         Draw Destruction  |       |       |       |    10 ||    10
  Evoke: Wand              |       |       |       |     4 ||     4
    Use: Potion            |     6 |     4 |     4 |    10 ||    24
         Scroll            |     5 |     3 |     3 |     7 ||    18
   Stab: Sleeping          |    11 |    19 |    28 |    53 ||   111
         Distracted        |       |       |     1 |     1 ||     2
         Invisible         |       |       |     5 |     7 ||    12
 Armour: Robe              |     7 |    17 |    11 |     5 ||    40
         Steam dragon scal |       |       |       |    37 ||    37
  Dodge: Dodged            |    46 |   111 |   297 |   481 ||   935
  Block: Other             |       |       |    50 |   106 ||   156

Table legend: (Time is in decaauts)
 A = Elapsed time spent in this place.
 B = Non-inter-level travel time spent in this place.
 C = Inter-level travel time spent in this place.
 D = Time resting spent in this place.
 E = Time spent auto-exploring this place.
 F = Levels seen in this place.
 G = Mean time per level.
                   A        B        C        D        E       F      G
               +--------+--------+--------+--------+--------+-----+--------+
         Total |   8706 |   8463 |    243 |      1 |   6498 |  13 |  669.7 |
       Dungeon |   5182 |   4994 |    188 |      1 |   3946 |   8 |  647.8 |
          Lair |   2199 |   2144 |     55 |      0 |   1741 |   3 |  733.0 |
        Bailey |    805 |    805 |      0 |      0 |    571 |   1 |  805.0 |
      Gauntlet |    518 |    518 |      0 |      0 |    240 |   1 |  518.0 |
               +--------+--------+--------+--------+--------+-----+--------+

Top non-repeatable levels by time:
  Lair:2: 1201 daAuts
  Lair:1: 990 daAuts
     D:5: 871 daAuts
     D:8: 860 daAuts
  Bailey: 805 daAuts
     D:2: 748 daAuts
     D:6: 638 daAuts
     D:4: 550 daAuts
Gauntlet: 518 daAuts
     D:7: 514 daAuts
     D:3: 500 daAuts
     D:1: 499 daAuts
  Lair:3: 8 daAuts
